 Dungeon Crawl Stone Soup version 0.29.1 (webtiles) character file.

Game seed: 2641223262690053096

37 Ashen the Chiller (level 3, 26/26 HPs)
             Began as a Demonspawn Ice Elementalist on Sept 14, 2022.
             Got out of the dungeon alive.
             The game lasted 00:02:04 (1416 turns).

Ashen the Chiller (Demonspawn Ice Elementalist)     Turns: 1416, Time: 00:02:05

Health: 26/26      AC:  5    Str: 14    XL:     3   Next: 21%
Magic:  6/6        EV: 12    Int: 18    God:
Gold:   27         SH:  0    Dex: 13    Spells: 5/6 levels left

rFire   . . .      SeeInvis .   (no weapon)
rCold   . . .      Faith    .   (no shield)
rNeg    . . .      Spirit   .   a - +0 robe
rPois   .          Reflect  .   e - +2 hat
rElec   .          Harm     .   (no cloak)
rCorr   .          Rampage  .   (no gloves)
Will    .....                   (no boots)
Stlth   ++........              (no amulet)
HPRegen 0.08/turn               f - +6 ring of strength
MPRegen 0.20/turn               (no ring)

@: no status effects
A: rugged brown scales 1, magic regeneration
a: no special abilities


You escaped.
You visited 1 branch of the dungeon, and saw 2 of its levels.

You collected 27 gold pieces.

Inventory:

Armour
 a - a +0 robe (worn)
 e - a +2 hat (worn)
Jewellery
 f - a +6 ring of strength (left hand)
Scrolls
 c - 2 scrolls of fog {unknown}
 d - a scroll of poison {unknown}
 g - 3 scrolls of identify {unknown}
 h - a scroll of vulnerability {unknown}
 i - a scroll of torment {unknown}
Potions
 b - a potion of magic


   Skills:
 + Level 1.0 Fighting
 + Level 2.1 Dodging
 + Level 2.2 Stealth
 + Level 2.3 Spellcasting
 + Level 3.8 Ice Magic


You had 5 spell levels left.
You knew the following spells:

 Your Spells              Type           Power      Damage    Failure   Level
a - Freeze                Ice            64%        1d8       3%          1

Your spell library contained the following spells:

 Spells                   Type           Power      Damage    Failure   Level
 Frozen Ramparts          Ice            32%        1d5       11%         3
 Ozocubu's Armour         Ice            16%        N/A       11%         3
 Beastly Appendage        Tmut           4%         N/A       19%         1
 Wereblood                Tmut           2%         N/A       26%         2
 Spider Form              Tmut/Pois      2%         N/A       47%         3
 Hailstorm                Conj/Ice       9%         3d4       61%         4


Dungeon Overview and Level Annotations

Branches:
Dungeon (2/15)

Altars:


Innate Abilities, Weirdness & Mutations

You are partially covered in rugged brown scales. (AC +1, +3% HP)
You regenerate magic rapidly.


Message History

Confirm with . or Enter, or press ? or * to list all spells.
Aiming: Freeze (safe; 4% risk of failure)
Press: ? - help, Shift-Dir - straight line, f/p - adder
Aim: an adder (almost dead, slow)
You freeze the adder!
You kill the adder!
Your Fighting skill increases to level 1!
You have reached level 3!
Your experience leads to an increase in your attributes!
Your base attributes are Str 8, Int 16, Dex 13.
Increase (S)trength, (I)ntelligence, or (D)exterity?
You feel clever. x2; Your demonic ancestry asserts itself...
Your magic begins to regenerate rapidly.
Okay, then.
A goblin comes into view. It is wielding a +0 dagger.
The goblin shouts!
You can't go up here!
The goblin closely misses you.
Casting: Freeze (safe; 3% risk of failure)
Confirm with . or Enter, or press ? or * to list all spells.
Aiming: Freeze (safe; 3% risk of failure)
Press: ? - help, Shift-Dir - straight line, f - goblin
Aim: a goblin, wielding a +0 dagger You freeze the goblin.
You kill the goblin!
(D) Dungeon
Where to? (Enter - D:2 @ (x,y), ? - help)
What level of the Dungeon? (default 1, ? - help)
There is a stone staircase leading up here.
You climb upwards.
There is a stone staircase leading down here.
Things that are here:
a stone; a +0 short sword
Things that are here:
a +0 club; a +0 dagger
There is a staircase leading out of the dungeon here.
Are you sure you want to leave the Dungeon?
This will make you lose the game!
Alright, then stay!
Are you sure you want to leave the Dungeon?
This will make you lose the game!
You have escaped!

..........#.#................#...
..........#.#..........#.......#.
###.......#.#..........#.......#.
# #...#####.#..........#......##.
###...# #.####....####......##.
....).# #...................##.
...#### #####################..
.....##########################..
.....#.#.....#..@.....#..#....#..
.....#.#..#..#.....#..........#..
.......#..#..#.....#..#..#..#....
.....†.........................##
....##.......#..#..#..#..#..#.###
....##.#..#.....#..#.....#..#.##.
....############################.
#...# ###### #. #####
############....# ##


There were no monsters in sight!

Vanquished Creatures
  An adder (D:2)
  A dart slug (D:2)
  A bat (D:1)
  2 endoplasms (D:1)
  A giant cockroach (D:1)
  4 goblins
  4 hobgoblins
  6 kobolds (D:1)
  A frilled lizard (D:1)
  A rat (D:1)
22 creatures vanquished.

Notes
Turn   | Place    | Note
-------+----------+-------------------------------------------
     0 | D:1      | Ashen the Demonspawn Ice Elementalist began the quest for
                  | the Orb.
     0 | D:1      | Reached XP level 1. HP: 13/13 MP: 3/3
   255 | D:1      | Gained mutation: You are partially covered in rugged brown
                  | scales. (AC +1, +3% HP) [demonic ancestry]
   255 | D:1      | Reached XP level 2. HP: 14/20 MP: 3/5
   791 | D:1      | Found a faded altar of an unknown god.
  1346 | D:2      | Reached skill level 1 in Fighting
  1346 | D:2      | Gained mutation: You regenerate magic rapidly. [demonic
                  | ancestry]
  1346 | D:2      | Reached XP level 3. HP: 26/26 MP: 1/6
  1416 | D:$      | Got out of the dungeon alive.

Illustrated notes

Levels and vault maps discovered:
D:1:      dpeg_arrival_ternary, layout_basic, ebering_ecumenical_altar_hall
D:2:      layout_basic, basic_altar, serial_forest,
          infiniplex_forest_straight_1, infiniplex_forest_fountain,
          infiniplex_forest_zigzag_1, infiniplex_forest_split,
          infiniplex_forest_corner_1, infiniplex_forest_fountain,
          infiniplex_forest_straight_1, palyth_stone_intersect, uniq_sigmund

Skill      XL: |  1  2 |
---------------+-------+-----
Stealth        | 2 |  2.2
Dodging        | 2 |  2.1
Fighting       | 1 |  1.0
Spellcasting   | |  2.3
Ice Magic      | |  3.8

Action                   || total
-------------------------++-------
Melee: Unarmed           ||    13
 Cast: Freeze            ||    39
 Stab: Sleeping          ||     1
Armor: Robe              ||    12
Dodge: Dodged            ||    33
